 Dungeon Crawl Stone Soup version 0.20.0-15-g7f486f2 (webtiles) character file.

192 Chiseanne the Magician (level 5, 35/35 HPs)
             Began as a Demonspawn Wizard on June 15, 2017.
             Quit the game on level 2 of the Dungeon.
             The game lasted 00:03:09 (1920 turns).

Chiseanne the Magician (Demonspawn Wizard)          Turns: 1920, Time: 00:03:09

Health: 35/35      AC:  2    Str:  8    XL:     5   Next: 42%
Magic:  1/12       EV: 15    Int: 20    God:
Gold:   46         SH:  0    Dex: 11    Spells: 4/13 levels left

rFire    . . .     SeeInvis .   s - +1 hand axe (elec)
rCold    . . .     Gourm    .   (no shield)
rNeg     . . .     Faith    .   a - +0 robe
rPois    .         Spirit   .   b - +0 hat
rElec    .         Reflect  .   (no cloak)
rCorr    .         Harm     .   (no gloves)
MR       .....                  (no boots)
Stlth    +++.......             (no amulet)
Regen    0.2/turn               o - ring of stealth
MPRegen  0.2/turn               (no ring)

@: no status effects
A: repulsion field 2, demonic guardian 1, spiny 1
a: no special abilities


You were on level 2 of the Dungeon.
You were very hungry.

You visited 1 branch of the dungeon, and saw 2 of its levels.

You collected 46 gold pieces.

Inventory:

Hand Weapons
 s - a +1 hand axe of electrocution (weapon)
Missiles
 g - 72 stones (quivered)
 l - 29 bolts
 p - 18 arrows
Armour
 a - a +0 robe (worn)
 b - a +0 hat (worn)
Jewellery
 o - a ring of stealth (left hand)
Scrolls
 e - a scroll of immolation {unknown}
 k - a scroll of remove curse
 m - a scroll of fog {unknown}
 t - a scroll of fear {unknown}
 u - 3 scrolls of enchant armour {unknown}
 v - a scroll of blinking {unknown}
Potions
 f - a potion of heal wounds {unknown}
 j - a potion of lignification {unknown}
 n - a potion of curing {unknown}
 r - 2 potions of resistance
Comestibles
 d - a bread ration
 q - a meat ration


   Skills:
 - Level 1.7 Dodging
 - Level 1.7 Stealth
 * Level 4.6 Spellcasting
 * Level 3.7 Conjurations
   Level 1.0 Summonings
 - Level 0.8 Translocations


You had 4 spell levels left.
You knew the following spells:

 Your Spells              Type           Power        Failure   Level  Hunger
a - Magic Dart            Conj           ###.         2%          1    None
b - Blink                 Tloc           N/A          13%         2    #......
c - Conjure Flame         Conj/Fire      ##......     17%         3    ##.....
d - Mephitic Cloud        Conj/Pois/Air  #.......     22%         3    ##.....


Dungeon Overview and Level Annotations

Branches:
Dungeon (2/15)

Altars:


Innate Abilities, Weirdness & Mutations

You are surrounded by a moderate repulsion field. (EV +3)
A weak demonic guardian rushes to your aid.
You are partially covered in sharp spines.


Message History

The rat barely misses you. Sigmund barely misses you.
The rat bites you but does no damage.
You hit Sigmund.
Sigmund is severely wounded.
You hit the rat. The rat closely misses you.
You barely miss Sigmund.
Sigmund is severely wounded.
You hit the rat. Lightning courses through the rat!
You kill the rat!
You hit Sigmund but do no damage. Lightning courses through Sigmund!
You kill Sigmund!
Your Spellcasting skill increases to level 4!
Your Conjurations skill increases to level 3!
You have reached level 4!
You feel stronger.
Your demonic ancestry asserts itself...
Sharp spines emerge from parts of your body.
You have reached level 5!
Your demonic ancestry asserts itself...
You feel the presence of a demonic guardian.
Are you sure you want to abandon this character and quit the game? (Confirm with "yes".)

#....# #### #.(..#
#... #.... ## #...
###... #. #...##
##....######.
#....####............
#..........#..#######
#........###.##
#..#@.#..# #.#
#†#..)##.###.# ..
#.#.##..##.# ..
...#.###.##.# ..
..###.# #..#.# . .##
#.# ##)#.# #.. #)..#
## ###.## #..###


There were no monsters in sight!

Vanquished Creatures
  Sigmund (D:2)
  A leopard gecko (D:2)
  3 bats
  A giant cockroach (D:2)
  4 goblins
  3 hobgoblins
  3 jackals (D:2)
  4 frilled lizards
  3 kobolds
  7 rats
30 creatures vanquished.

Notes
Turn   | Place    | Note
-------+----------+-------------------------------------------
     0 | D:1      | Chiseanne the Demonspawn Wizard began the quest for the Orb.
     0 | D:1      | Reached XP level 1. HP: 13/13 MP: 4/4
   668 | D:1      | Gained mutation: You are surrounded by a mild repulsion field. (EV +2) [demonic ancestry]
   668 | D:1      | Reached XP level 2. HP: 19/19 MP: 4/6
  1313 | D:2      | Noticed Sigmund
  1319 | D:2      | Learned a level 2 spell: Blink
  1789 | D:2      | Gained mutation: You are surrounded by a moderate repulsion field. (EV +3) [demonic ancestry]
  1789 | D:2      | Reached XP level 3. HP: 22/24 MP: 0/8
  1794 | D:2      | Learned a level 3 spell: Conjure Flame
  1798 | D:2      | Learned a level 3 spell: Mephitic Cloud
  1919 | D:2      | Killed Sigmund
  1919 | D:2      | Reached skill level 4 in Spellcasting
  1919 | D:2      | Gained mutation: You are partially covered in sharp spines. [demonic ancestry]
  1919 | D:2      | Reached XP level 4. HP: 30/30 MP: 1/10
  1919 | D:2      | Gained mutation: A weak demonic guardian rushes to your aid. [demonic ancestry]
  1919 | D:2      | Reached XP level 5. HP: 35/35 MP: 1/12
  1920 | D:2      | Quit the game

Skill      XL: |  1  2  3 |
---------------+----------+-----
Conjurations   | 2 3 |  3.7
Spellcasting   | 4 |  4.6
Dodging        | |  1.7
Stealth        | |  1.7
Summonings     | |  1.0
Translocations | |  0.8

Action                   |  1- 3 |  4- 6 || total
-------------------------+-------+-------++-------
Melee: Whip              |     8 |       ||     8
       Hand axe          |    18 |       ||    18
 Cast: Magic Dart        |    64 |       ||    64
       Blink             |     2 |       ||     2
       Mephitic Cloud    |     1 |       ||     1
  Use: Scroll            |     7 |       ||     7
  Eat: Chunk             |     2 |       ||     2
Armor: Robe              |     8 |       ||     8
Dodge: Dodged            |    37 |       ||    37
